 Dungeon Crawl Stone Soup version 0.19.5 (webtiles) character file.

39 dittoslash the Grasshopper (level 3, -4/29 HPs)
             Began as a Draconian Warper on Apr 17, 2017.
             Slain by a goblin
             ... wielding a +2 dagger of venom
              (5 damage)
             ... on level 2 of the Dungeon.
             The game lasted 00:05:14 (1044 turns).

dittoslash the Grasshopper (Draconian Warper)       Turns: 1044, Time: 00:05:14

Health: -4/29      AC:  5    Str: 14    XL:     3   Next: 28%
Magic:  5/6        EV: 18    Int: 13    God:
Gold:   41         SH:  0    Dex: 15    Spells: 2 memorised, 2 levels left

rFire  . . .     SeeInvis .     j - +3 short sword
rCold  . . .     Gourm    .     (armour unavailable)
rNeg   . . .     Faith    .     (no shield)
rPois  +         Spirit   .     (helmet restricted)
rElec  .         Reflect  .     (no cloak)
rCorr  .         Harm     .     (no gloves)
MR     .....                    (no boots)
Stlth  ++........               (no amulet)
                                (no ring)
                                c - ring of poison resistance

@: agile
A: unfitting armour, cold-blooded, AC +5
a: no special abilities


You were on level 2 of the Dungeon.
You were hungry.

You visited 1 branch of the dungeon, and saw 2 of its levels.

You collected 41 gold pieces.

Inventory:

Hand Weapons
 a - a +0 falchion
 j - a +3 short sword (weapon)
Jewellery
 c - a ring of poison resistance (left hand)
Scrolls
 g - a scroll of amnesia {unknown}
 h - 2 scrolls of identify {unknown}
 i - a scroll of noise {unknown}
Books
 b - a book of Spatial Translocations

   Spells                             Type                      Level
   a - Blink                          Translocation                2
   b - Shroud of Golubria             Charms/Translocation         2
   c - Lesser Beckoning               Translocation                3
   d - Portal Projectile              Translocation                3
   e - Teleport Other                 Translocation                3
   f - Passage of Golubria            Translocation                4
Comestibles
 f - 2 bread rations


   Skills:
 + Level 2.2 Fighting
 + Level 0.2(1.4) Short Blades
 + Level 2.4 Long Blades
 + Level 1.1 Throwing
 + Level 2.8 Dodging
 + Level 0.2 Stealth
 + Level 2.2 Spellcasting
 + Level 3.0 Translocations


You had 2 spell levels left.
You knew the following spells:

 Your Spells              Type           Power        Failure   Level  Hunger
a - Blink                 Tloc           N/A          12%         2    ###....
b - Shroud of Golubria    Chrm/Tloc      #.........   21%         2    ###....


Dungeon Overview and Level Annotations

Branches:
Dungeon (2/15)

Altars:


Innate Abilities, Weirdness & Mutations

Your plain brown scales are hard. (AC +5)
You cannot fit into any form of body armour.
You are cold-blooded and may be slowed by cold attacks.


Message History

The jackal barks! x2
The jackal barely misses you. The adder bites you but does no damage.
You see here a yellow potion.
d - a yellow potion The jackal barely misses you.
The jackal bites you but does no damage.
The adder bites you.
* * * LOW HITPOINT WARNING * * *
It was a potion of agility.
You feel agile all of a sudden. The jackal closely misses you.
The jackal completely misses you.
The jackal bites you but does no damage.
The jackal barely misses you.
As you read the scroll labeled LUEKHL MOSOUVUORPH, it crumbles to dust.
It is a scroll of recharging.
You aren't carrying any rechargeable items.
The adder closely misses you. The jackal closely misses you.
The jackal completely misses you.
The goblin hits you with a dagger of venom.
You die...

...g.......###.#
#..######..#.# #.#
##..######..#.# #.#
.......<....#.###.#
#.#..#######........
#.#.. ###.###.#
#.#.##########.##...
#..Sg........#.##...
#@hS.........##...
#h########........
#.# #......... #.#
#.#####... #.# #.
#... #.. .. ##S# ###
### #.. ### #


You could see 2 adders, 2 jackals and a goblin.

Vanquished Creatures
  A worm (D:2)
  2 dart slugs (D:1)
  A leopard gecko (D:1)
  7 bats
  7 goblins (D:1)
  3 hobgoblins (D:1)
  4 kobolds (D:1)
  2 frilled lizards (D:1)
  6 rats (D:1)
33 creatures vanquished.

Notes
Turn   | Place    | Note
-------+----------+-------------------------------------------
     0 | D:1      | dittoslash the Draconian Warper began the quest for the Orb.
     0 | D:1      | Reached XP level 1. HP: 17/17 MP: 3/3
    97 | D:1      | Reached XP level 2. HP: 18/24 MP: 5/5
   101 | D:1      | Learned a level 2 spell: Blink
   104 | D:1      | Learned a level 2 spell: Shroud of Golubria
   518 | D:1      | Reached skill level 1 in Throwing
   697 | D:1      | Reached XP level 3. HP: 28/29 MP: 6/6
  1028 | D:2      | HP: 1/29 [poisoned by an adder]
  1038 | D:2      | HP: 1/29 [adder (1)]
  1044 | D:2      | Slain by a goblin

Skill      XL: |  1  2 |
---------------+-------+-----
Throwing       | 1 |  1.1
Fighting       | |  2.2
Short Blades   | |  0.2
Long Blades    | |  2.4
Dodging        | |  2.8
Stealth        | |  0.2
Spellcasting   | |  2.2
Translocations | |  3.0

Action                   || total
-------------------------++-------
Melee: Falchion          ||    45
       Tailslap          ||    15
       Dagger            ||     1
       Short sword       ||    52
Throw: Tomahawk          ||     5
 Cast: Blink             ||     1
  Use: Scroll            ||     3
       Potion            ||     1
Armor: Skin              ||    49
Dodge: Dodged            ||   116
       Rpst.: Falchion   ||    21
